 Dungeon Crawl Stone Soup version 0.27-a0-1301-g128193abf8 (webtiles) character file.

Game seed: 16375510281968883081

38277 flotson the Cleaver (level 13, -2/105 HPs)
             Began as a Demonspawn Delver on June 18, 2021.
             Was an Initiate of Gozag.
             Slain by a troll (5 damage)
             ... while paralysed by an ogre mage
             ... on level 2 of the Orcish Mines.
             The game lasted 00:32:13 (20482 turns).

flotson the Cleaver (Demonspawn Delver)            Turns: 20482, Time: 00:32:15

Health: -2/105     AC: 16    Str: 18    XL:     13   Next: 62%
Magic:  0/13       EV:  2    Int: 11    God:    Gozag
Gold:   2947       SH:  0    Dex: 21    Spells: 12/12 levels left

rFire    . . .     SeeInvis .   a - +5 broad axe (freeze)
rCold    + . .     Faith    .   j - +4 kite shield of Yredelemnul's Approval {rC+ Will+}
rNeg     . . .     Spirit   +   b - +4 chain mail
rPois    .         Reflect  .   (helmet unavailable)
rElec    .         Harm     .   m - +0 cloak
rCorr    .         Rampage  .   (gloves unavailable)
Will     +....                  (no boots)
Stlth    ..........             t - amulet of guardian spirit
HPRegen  0.27/turn              h - +4 ring of slaying
MPRegen  0.13/turn              G - +6 ring of dexterity

@: paralysed, mighty, agile, gold aura
A: claws 3, hooves 1, horns 3, powered by pain 1, spiny 2
a: Renounce Religion, Potion Petition, Call Merchant, Bribe Branch


You were on level 2 of the Orcish Mines.
You worshipped Gozag.
Gozag was most pleased with you.
You visited 4 branches of the dungeon, and saw 19 of its levels.
You also visited: Ossuary.

You collected 3721 gold pieces.
You spent 638 gold pieces at shops.
You paid 136 gold pieces to Gozag.

Inventory:

Hand Weapons
 a - a +5 broad axe of freezing (weapon)
 i - a +1 hand axe of flaming
 z - a +0 trident
 K - a +2 antimagic hand axe
Missiles
 r - 6 curare-tipped darts
 u - 54 poisoned darts
 A - 28 boomerangs (quivered)
 F - 6 silver boomerangs
 L - a throwing net
 N - 4 atropa-tipped darts
Armour
 b - a +4 chain mail (worn)
 j - the +4 kite shield of Yredelemnul's Approval (worn) {rC+ Will+}
   (You acquired it on level 4 of the Lair of Beasts)

   It protects you from cold.
   It increases your willpower.
 m - a +0 cloak (worn)
Jewellery
 h - a +4 ring of slaying (left claw)
 s - a ring of willpower
 t - an amulet of guardian spirit (around neck)
 G - a +6 ring of dexterity (right claw)
Wands
 g - a wand of digging (3)
 l - a wand of acid (9)
 n - a wand of polymorph (4)
 q - a wand of flame (30)
 v - a wand of iceblast (16)
 R - a wand of charming (8)
Scrolls
 c - 5 scrolls of fog
 e - 2 scrolls of fear
 w - a scroll of summoning
 y - 3 scrolls of teleportation
 D - a scroll of holy word {unknown}
 H - 4 scrolls of blinking
 J - 3 scrolls of enchant armour
 P - a scroll of identify
 Q - a scroll of magic mapping
Potions
 d - 2 potions of cancellation
 f - 2 potions of resistance
 k - a potion of mutation
 o - 8 potions of curing
 p - 4 potions of attraction
 x - 3 potions of ambrosia
 B - 3 potions of invisibility
 C - 9 potions of flight
 E - a potion of lignification
 I - 3 potions of heal wounds
 M - 3 potions of might
Miscellaneous
 O - a phantom mirror


   Skills:
 + Level 10.8 Fighting
 * Level 11.5 Axes
 - Level 6.0 Throwing
 + Level 9.5 Armour
 + Level 9.8 Dodging
 - Level 4.5 Stealth
 + Level 3.1 Shields
 - Level 6.0 Evocations


You had 12 spell levels left.
You didn't know any spells.
Your spell library contained the following spells:

 Spells                   Type           Power      Damage    Failure   Level
 Beastly Appendage        Tmut           0%         N/A       100%        1
 Magic Dart               Conj           0%         1d3       100%        1
 Sandblast                Erth           0%         2d4       100%        1
 Passwall                 Tmut/Erth      0%         N/A       100%        2
 Searing Ray              Conj           0%         3d3       100%        2
 Wereblood                Tmut           0%         N/A       100%        2
 Dazzling Flash           Conj/Hex       0%         N/A       100%        3
 Spider Form              Tmut/Pois      0%         N/A       100%        3
 Stone Arrow              Conj/Erth      0%         3d7       100%        3
 Fulminant Prism          Conj/Hex       0%         3d6       100%        4
 Ice Form                 Ice/Tmut       0%         N/A       100%        4
 Iskenderun's Mystic Bla  Conj/Tloc      0%         2d3       100%        4
 Petrify                  Tmut/Erth      0%         N/A       100%        4
 Lee's Rapid Deconstruct  Erth           0%         3d5*      100%        5


Dungeon Overview and Level Annotations

Branches:
Dungeon (11/15)            Temple (1/1) D:6            Lair (5/6) D:11
  Swamp (0/4) Lair:3        Snake (0/4) Lair:3          Orc (2/2) D:9
Ossuary (visited)
  Slime: Lair:5-6       Elf: Orc:2

Altars:
Ashenzari
Cheibriados
Dithmenos
Elyvilon
Fedhas
Gozag
Hepliaklqana
Kikubaaqudgha
Makhleb
Nemelex Xobeh
Okawaru
Qazlal
Ru
Sif Muna
Trog
Uskayaw
Vehumet
Wu Jian
Xom
Yredelemnul
Zin
The Shining One

Shops:
D:6 **   D:9 (   D:10 :(?

Portals:
Trove: D:10 (give 15 scrolls of teleportation)

Annotations:
Lair:1 1 runed translucent door, mdk's ghost, journeyman DECj
Lair:3 2 transporters, exclusion: oklob plant, TacoSundae's ghost, journeyman DrTm


Innate Abilities, Weirdness & Mutations

You have claws for hands.
You have large cloven feet.
You have a pair of large horns on your head.
You sometimes gain a little power by taking damage.
You are mostly covered in sharp spines.


Message History

You kill the two-headed ogre!
You closely miss the troll. You block the troll's attack. The troll claws you!
The troll claws you. The ogre mage casts a spell at you.
The bolt of magma hits you!
You focus on the pain.
You feel agile all of a sudden.
An ogre comes into view. It is wielding a +0 giant club.
The troll is struck by your spines. The troll bites you but does no damage.
The troll closely misses you. The troll misses you.
An ogre comes into view. It is wielding a +0 giant spiked club.
The ogre mage mumbles some strange words.
The ogre mage flickers and vanishes!
Deactivating autopickup; reactivate with Ctrl-A.
Things that are here:
a +0 mace; a +0 leather armour You suddenly lose the ability to move!
The troll bites you! The troll barely misses you.
The troll claws you but does no damage. The troll bites you!
The troll claws you. x2; The troll bites you.
* * * LOW HITPOINT WARNING * * *
The troll claws you!
* * * LOW HITPOINT WARNING * * *
The troll claws you!
* * * LOW HITPOINT WARNING * * *
The troll bites you but does no damage. The troll claws you.
* * * LOW HITPOINT WARNING * * *
The troll claws you but does no damage. The troll is struck by your spines.
The troll bites you.
* * * LOW HITPOINT WARNING * * *
The troll claws you but does no damage. The troll claws you.
* * * LOW HITPOINT WARNING * * *
The troll is struck by your spines. The troll bites you.
* * * LOW HITPOINT WARNING * * *
The troll claws you but does no damage. The troll claws you.
* * * LOW HITPOINT WARNING * * *
The troll bites you.
* * * LOW HITPOINT WARNING * * *
The troll claws you but does no damage. The troll claws you.
You die...
Your body crumbles into a pile of gold.

##........#####.........#
#.....................## #
##..................### #
##.#...............## ###
###..........O.....# #..
#.........O...#.####..
####...........#####....
##.###)..........####....
#...)<)[@T.)......##.....
##.#[[...T[..............
##.........#..............
#..........#..............
#........#.##............#
###...)......##...........#
#.......###.####..........#
##........####.#...........
#..........#..............


You could see a two-headed ogre, 2 trolls and an ogre.

Vanquished Creatures
  3 hydras
  A catoblepas (Lair:5)
  3 two-headed ogres
  2 bog bodies (Lair:3)
  An orc knight (Orc:1)
  2 cyclopes (Orc:2)
  An elephant (shapeshifter) (D:9)
  3 elephants (Lair:3)
  3 black mambas
  8 cane toads
  An unseen horror (D:11)
  A rime drake (Lair:4)
  Psyche (D:8)
  7 komodo dragons
  3 polar bears
  4 trolls
  7 blink frogs
  5 dream sheep (Lair:4)
  A shadow (D:11)
  A wraith (D:11)
  2 steam dragons
  57 yaks
  5 basilisks
  6 nagas
  A warg (Orc:2)
  Duvessa (D:5)
  9 water moccasins
  11 orc warriors
  8 black bears
  3 ice beasts
  A sky beast (D:8)
  4 boggarts (Lair:5)
  8 ogres
  14 wolves
  5 centaurs
  4 elf zombies (Ossuary)
  2 kobold brigands
  14 bullfrogs
  Dowan (D:5)
  3 scorpions
  14 killer bees
  3 wights (D:7)
  4 howler monkeys
  3 centaur zombies
  A centaur skeleton (D:6)
  Crazy Yiuf (D:2)
  A hound (D:6)
  A jelly (D:8)
  2 human zombies (Ossuary)
  11 orc priests
  3 iguanas
  Natasha (thrice) (D:3)
  25 orc wizards
  A hound zombie (Ossuary)
  3 mummies (Ossuary)
  2 howler monkey zombies
  Robin (D:3)
  2 howler monkey skeletons
  10 adders
  2 shadow imps
  3 white imps
  An adder skeleton (D:4)
  4 adder zombies (Ossuary)
  2 worms
  2 dart slugs
  49 orcs
  4 endoplasms
  A giant cockroach (D:2)
  A gnoll zombie (Ossuary)
  16 goblins
  7 hobgoblins
  17 jackals
  10 kobolds
  A quokka (D:3)
  9 ball pythons
  3 bats
  5 frilled lizards
  2 goblin zombies (Ossuary)
  3 hobgoblin zombies (Ossuary)
  5 jackal zombies (Ossuary)
  A kobold zombie (Ossuary)
  2 orc zombies (Ossuary)
  2 rats
  4 rat zombies (Ossuary)
464 creatures vanquished.

Vanquished Creatures (others)
  A howler monkey (D:10)
  20 fungi
  34 plants
55 creatures vanquished.

Grand Total: 519 creatures vanquished

Notes
Turn   | Place    | Note
-------+----------+-------------------------------------------
     0 | D:5      | flotson the Demonspawn Delver began the quest for the Orb.
     0 | D:5      | Reached XP level 1. HP: 18/18 MP: 1/1
    63 | D:3      | Reached skill level 2 in Axes
    63 | D:3      | Gained mutation: You are partially covered in sharp spines.
                  | [demonic ancestry]
    63 | D:3      | Reached XP level 2. HP: 20/24 MP: 2/2
   123 | D:2      | Reached skill level 1 in Armour
   222 | D:3      | Noticed Robin
   242 | D:2      | Gained mutation: You sometimes gain a little power by
                  | taking damage. [demonic ancestry]
   242 | D:2      | Reached XP level 3. HP: 16/29 MP: 3/3
  1013 | D:2      | Found a runed translucent door.
  1014 | D:2      | Noticed Crazy Yiuf
  1102 | D:2      | Gained mutation: You have a pair of small horns on your
                  | head. [demonic ancestry]
  1102 | D:2      | Reached XP level 4. HP: 35/35 MP: 4/4
  1213 | D:2      | Found a bloodstained altar of Trog.
  1504 | D:2      | Killed Crazy Yiuf
  1742 | D:3      | Reached skill level 1 in Evocations
  1842 | D:3      | Found a faded altar of an unknown god.
  1842 | D:3      | Noticed a great orb of eyes
  1844 | D:3      | Noticed Natasha
  1845 | D:3      | Noticed an eye of devastation
  1845 | D:3      | Noticed a golden eye
  1845 | D:3      | Noticed a shining eye
  1851 | D:3      | Killed Natasha
  1852 | D:3      | Gained mutation: You have a pair of horns on your head.
                  | [demonic ancestry]
  1852 | D:3      | Reached XP level 5. HP: 41/42 MP: 5/5
  1893 | D:3      | Killed Robin
  1968 | D:3      | Noticed Natasha
  1972 | D:3      | Killed Natasha
  2143 | D:3      | Noticed Natasha
  2147 | D:3      | Killed Natasha
  2148 | D:3      | Reached skill level 3 in Axes
  2148 | D:3      | Gained mutation: You have sharp fingernails. [demonic
                  | ancestry]
  2148 | D:3      | Reached XP level 6. HP: 48/48 MP: 6/6
  2465 | D:4      | Found a blossoming altar of Fedhas.
  2490 | D:4      | Gained mutation: You have large cloven feet. [demonic
                  | ancestry]
  2490 | D:4      | Reached XP level 7. HP: 32/55 MP: 7/7
  3538 | D:5      | Noticed Duvessa
  3539 | D:5      | Noticed Dowan
  3570 | D:4      | Reached skill level 5 in Fighting
  3707 | D:5      | Reached skill level 4 in Axes
  3743 | D:5      | Reached XP level 8. HP: 47/62 MP: 8/8
  3989 | D:5      | Found a bloodstained altar of Trog.
  4234 | D:5      | Found a shimmering blue altar of Sif Muna.
  4569 | D:5      | Killed Duvessa
  4574 | D:5      | Killed Dowan
  4643 | D:6      | Found Qaefost's General Store.
  4653 | D:6      | Reached skill level 1 in Throwing
  4653 | D:6      | Reached skill level 5 in Dodging
  4701 | D:6      | Found a staircase to the Ecumenical Temple.
  4710 | Temple   | Entered the Ecumenical Temple
  4790 | D:6      | Found a sparkling altar of Nemelex Xobeh.
  4795 | D:6      | Reached skill level 5 in Axes
  4807 | D:6      | You fall into a shaft and drop 2 floors!
  4844 | D:8      | Gained mutation: You have very sharp fingernails. [demonic
                  | ancestry]
  4844 | D:8      | Reached XP level 9. HP: 69/69 MP: 9/9
  5065 | D:8      | Found a sand-covered staircase.
  5070 | Ossuary  | Entered an ossuary
  5375 | Ossuary  | Reached skill level 5 in Armour
  5797 | D:6      | Found Feih's Evil Emporium.
  6060 | D:7      | Found an ancient bone altar of Kikubaaqudgha.
  6996 | D:7      | Reached skill level 6 in Axes
  7123 | D:7      | Found an opulent altar of Gozag.
  7129 | D:7      | Became a worshipper of Gozag Ym Sagoz the Greedy
  7188 | D:7      | Found a basalt altar of Yredelemnul.
  7365 | D:8      | Noticed Psyche
  7373 | D:8      | Killed Psyche
  7374 | D:8      | Gained mutation: You are mostly covered in sharp spines.
                  | [demonic ancestry]
  7374 | D:8      | Reached XP level 10. HP: 78/79 MP: 10/10
  8256 | D:9      | Found a staircase to the Orcish Mines.
  8342 | D:9      | Noticed a glowing shapeshifter
  8342 | D:9      | a yak changed into a glowing shapeshifter
  8342 | D:9      | Noticed a deep troll
  8342 | D:9      | a glowing shapeshifter changed into a deep troll
  8343 | D:9      | a deep troll changed into a slime creature
  8344 | D:9      | Noticed a water nymph
  8344 | D:9      | a slime creature changed into a water nymph
  8345 | D:9      | Noticed a torpor snail
  8345 | D:9      | a water nymph changed into a torpor snail
  8349 | D:9      | Noticed an elephant
  8349 | D:9      | a torpor snail changed into an elephant
  8354 | D:9      | Killed an elephant
  8359 | D:9      | Reached skill level 5 in Evocations
  9006 | D:9      | Found Nuumm's Antique Weapon Shop.
  9014 | D:9      | Bought a runed broad axe for 196 gold pieces
  9295 | D:10     | Entered Level 10 of the Dungeon
  9375 | D:10     | Noticed a two-headed ogre
  9769 | D:10     | Found Kuemomeu's Magic Scroll Shoppe.
  9777 | D:10     | Bought a scroll of identify for 24 gold pieces
  9777 | D:10     | Bought a scroll of identify for 24 gold pieces
  9777 | D:10     | Bought a scroll of identify for 24 gold pieces
  9777 | D:10     | Bought a scroll of noise for 12 gold pieces
  9787 | D:10     | Reached skill level 7 in Axes
  9821 | D:10     | Found Otoorph's Weapon Emporium.
  9858 | D:10     | Bought 3 scrolls of identify for 72 gold pieces
  9932 | D:10     | Gained mutation: You have claws for hands. [demonic
                  | ancestry]
  9932 | D:10     | Reached XP level 11. HP: 75/86 MP: 11/11
  9946 | D:10     | Killed a two-headed ogre
  9947 | D:10     | Reached skill level 5 in Throwing
 10116 | D:10     | Found Yskudghal's Book Boutique.
 10216 | D:10     | Found a portal to a secret trove of treasure.
 10297 | D:10     | Found a hide-covered altar of Uskayaw.
 10549 | Orc:1    | Entered Level 1 of the Orcish Mines
 10667 | Orc:2    | Entered Level 2 of the Orcish Mines
 10751 | Orc:2    | Noticed an orc knight
 11673 | D:11     | Noticed a centaur warrior
 11674 | D:11     | Noticed a brown ugly thing
 11674 | D:11     | Noticed a boulder beetle
 11860 | D:11     | Found a staircase to the Lair.
 11932 | Lair:1   | Entered Level 1 of the Lair of Beasts
 12180 | Lair:1   | Reached skill level 8 in Axes
 12569 | Lair:1   | Noticed mdk's ghost (journeyman DECj)
 12588 | Lair:1   | Found a runed translucent door.
 12946 | D:6      | Bought a scroll of enchant weapon for 90 gold pieces
 12946 | D:6      | Bought a potion of might for 48 gold pieces
 12946 | D:6      | Bought a potion of curing for 36 gold pieces
 12946 | D:6      | Bought a potion of curing for 36 gold pieces
 12946 | D:6      | Bought a potion of might for 48 gold pieces
 12946 | D:6      | Bought 4 atropa-tipped darts for 28 gold pieces
 13931 | Lair:2   | Noticed a four-headed hydra
 13939 | Lair:2   | Killed a one-headed hydra
 13940 | Lair:2   | Reached XP level 12. HP: 80/95 MP: 9/12
 14192 | Lair:2   | Reached skill level 9 in Axes
 14756 | Lair:3   | Noticed a four-headed hydra
 14760 | Lair:3   | Noticed a four-headed hydra
 14760 | Lair:3   | Noticed a death yak
 14762 | Lair:3   | Noticed a seven-headed hydra
 14764 | Lair:3   | Noticed TacoSundae's ghost (journeyman DrTm)
 14767 | Lair:3   | Noticed a death yak
 14786 | Lair:3   | Noticed a boulder beetle
 14975 | Lair:3   | Found a transporter.
 15001 | Lair:3   | Found a staircase to the Swamp.
 15013 | Lair:3   | Reached skill level 10 in Axes
 15309 | Lair:3   | Found a transporter.
 15533 | Lair:3   | Found a staircase to the Snake Pit.
 15975 | Lair:3   | You fall into a shaft and drop 2 floors!
 15976 | Lair:5   | Noticed an eight-headed hydra
 16006 | Lair:4   | Reached skill level 10 in Fighting
 17264 | Lair:4   | Noticed Sonja
 17265 | Lair:4   | Noticed Sonja
 17265 | Lair:4   | Sonja changed into Sonja the black bear
 17269 | Lair:4   | Killed Sonja the black bear
 17391 | Lair:4   | Identified a scroll of acquirement
 17392 | Lair:4   | Acquired the +4 kite shield of Yredelemnul's Approval {rC+
                  | Will+}
 17462 | Lair:4   | Gained mutation: You have a pair of large horns on your
                  | head. [demonic ancestry]
 17462 | Lair:4   | Reached XP level 13. HP: 103/103 MP: 13/13
 18173 | Lair:5   | Reached skill level 1 in Shields
 18380 | Lair:5   | Reached skill level 11 in Axes
 20478 | Orc:2    | Paralysed by something for 6 turns
 20482 | Orc:2    | HP: 5/105 [troll (5)]
 20482 | Orc:2    | Slain by a troll

Illustrated notes

Levels and vault maps discovered:
D:1:      dpeg_arrival_rooms_c, layout_basic, minivault_19
D:2:      layout_loops_ring, basic_altar, uniq_crazy_yiuf_cottage
D:3:      layout_rooms, hellmonk_ecumenical_altar_watching_god,
          wander_ebering_terrifying_dragon_lair, uniq_robin, uniq_natasha
D:4:      layout_cave_pods, lemuel_tele_altar, minmay_ruptured
D:5:      layout_loops_ring, amcnicky_altar_gilded, led_sif_book, uniq_duvessa
D:6:      layout_rooms, nemelex_xobeh_ov_fountains_minmay,
          minmay_temple_entry_waves, serial_shops, nicolae_stop_n_shop_2,
          nicolae_evil_shop
D:7:      layout_basic, kennysheep_little_box, general_overflow_altar,
          nicolae_gozag_cash_rules_everything_around_me,
          hangedman_abyss_or_decor_jellyfish_corner, minmay_strange_pillars
D:8:      layout_basic, enter_ossuary_5, chequers_serial_rivers_micro_c,
          uniq_psyche
D:9:      layout_long_grid, orc_0_dummy, serial_shops, shop,
          chequers_serial_rivers_micro_a
D:10:     layout_rooms, nicolae_uskayaw_dance_hall,
          nicolae_trove_entry_diagonal, serial_shops, nicolae_shop_waterfront,
          shop_fountains, nicolae_shop_behind_doors
D:11:     layout_irregular_city, lair_entry_dummy, lightli_corner_chamber,
          uniq_maurice, uniq_gastronok
Temple:   zaba_magenta_temple
Lair:1:   layout_loops_ring, hellmonk_ghost_happy_afterlife, wad_woods_road_05
Lair:2:   layout_roguey, infiniplex_staircase_pool_2
Lair:3:   layout_regular_city, skrybe_swamp_entry_bodies,
          minmay_snake_entry_guardpost_large, nzn_ghost_randoct
Lair:4:   layout_cave_pods, uniq_sonja
Lair:5:   layout_misc_corridors, kilobyte_rumbling_trees
Orc:1:    emtedronai_trogs_sanctum, layout_diamond_mine, special_room
          [special_room_bee], elf_legates, uniq_erica
Orc:2:    st_orc_open, layout_diamond_mine

Skill      XL: |  1  2  3  4  5  6  7  8  9 10 11 12 13 |
---------------+----------------------------------------+-----
Axes           | 2 3 4 5 6 7 8 10 11 | 11.5
Dodging        | 2 3 4 5 6 7 8 9 |  9.8
Armour         | 1 2 3 4 5 6 7 9 |  9.5
Evocations     | 1 2 3 4 5 6 |  6.0
Fighting       | 4 5 6 7 8 9 10 | 10.8
Throwing       | 1 3 4 6 |  6.0
Shields        | 3 |  3.1
Stealth        | |  4.5

Action                   |  1- 3 |  4- 6 |  7- 9 | 10-12 | 13-15 || total
-------------------------+-------+-------+-------+-------+-------++-------
Melee: Hand axe          |    54 |    19 |       |     4 |     5 ||    82
       Quarterstaff      |       |    69 |   219 |    72 |       ||   360
       Headbutt          |       |    13 |    32 |    83 |    36 ||   164
       Kick              |       |       |    58 |   119 |    51 ||   228
       Trident           |       |       |     9 |       |       ||     9
       Broad axe         |       |       |       |   275 |   125 ||   400
Throw: Dart              |       |       |    14 |    12 |       ||    26
       Boomerang         |       |       |     2 |    59 |    20 ||    81
Evoke: Wand              |       |       |       |     3 |     1 ||     4
  Use: Scroll            |     1 |       |     1 |    25 |     1 ||    28
       Potion            |     1 |       |       |     1 |       ||     2
 Stab: Paralysed         |       |     1 |       |       |       ||     1
       Distracted        |       |       |       |     3 |     4 ||     7
Armor: Leather armour    |     1 |       |       |       |       ||     1
       Ring mail         |     4 |       |       |       |       ||     4
       Chain mail        |    20 |    53 |   129 |   211 |    55 ||   468
Dodge: Dodged            |     9 |    37 |    70 |   169 |    52 ||   337
Block: Kite shield       |       |       |       |     3 |    98 ||   101

Table legend: (Time is in decaauts)
 A = Elapsed time spent in this place.
 B = Non-inter-level travel time spent in this place.
 C = Inter-level travel time spent in this place.
 D = Time resting spent in this place.
 E = Time spent auto-exploring this place.
 F = Levels seen in this place.
 G = Mean time per level.
                   A        B        C        D        E       F      G
               +--------+--------+--------+--------+--------+-----+--------+
         Total |  20732 |  19542 |   1190 |   1537 |  15135 |  20 | 1036.6 |
       Dungeon |  11265 |  10386 |    879 |    649 |   8098 |  11 | 1024.1 |
        Temple |     73 |     54 |     19 |      0 |     54 |   1 |   73.0 |
          Lair |   7524 |   7265 |    259 |    504 |   5941 |   5 | 1504.8 |
  Orcish Mines |   1477 |   1445 |     32 |    384 |    769 |   2 |  738.5 |
       Ossuary |    391 |    391 |      0 |      0 |    272 |   1 |  391.0 |
               +--------+--------+--------+--------+--------+-----+--------+

Top non-repeatable levels by time:
     D:9: 2141 daAuts
  Lair:4: 1765 daAuts
  Lair:2: 1537 daAuts
  Lair:3: 1516 daAuts
  Lair:1: 1512 daAuts
     D:7: 1409 daAuts
     D:4: 1275 daAuts
  Lair:5: 1192 daAuts
     D:5: 1183 daAuts
     D:2: 1129 daAuts
    D:10: 1027 daAuts
     D:8: 972 daAuts
   Orc:1: 864 daAuts
     D:3: 661 daAuts
   Orc:2: 612 daAuts
